 Dungeon Crawl Stone Soup version 0.17-a0-1951-g62301d3 (webtiles) character file.

23 graki42 the Firebug (level 2, -6/15 HPs)
             Began as a Deep Elf Fire Elementalist on Oct 2, 2015.
             Killed from afar by Robin (10 damage)
             ... with a wand of flame
             ... on level 2 of the Dungeon.
             The game lasted 00:03:26 (1077 turns).

graki42 the Firebug (Deep Elf Fire Elementalist)    Turns: 1077, Time: 00:03:26

Health: -6/15      AC:  3    Str:  5    XL:     2   Next: 75%
Magic:  6/8        EV: 13    Int: 19    God:
Gold:   29         SH:  0    Dex: 15    Spells: 1 memorised, 7 levels left

rFire  . . .     SeeInvis .     k - +0 dagger (venom)
rCold  . . .     Clarity  .     a - +0 robe
rNeg   . . .     SustAt   .     (no shield)
rPois  .         Gourm    .     (no helmet)
rElec  .         Spirit   .     j - +0 cloak
rCorr  .         Warding  .     (no gloves)
rMut   .         Stasis   .     (no boots)
MR     .....                    (no amulet)
Stlth  ++........               (no ring)
                                (no ring)

@: not resistant to hostile enchantments, unstealthy
A: no striking features
a: no special abilities


You were on level 2 of the Dungeon.
You were not hungry.

You visited 1 branch of the dungeon, and saw 2 of its levels.

You collected 29 gold pieces.

Inventory:

Hand weapons
 k - a +0 dagger of venom (weapon)
Armour
 a - a +0 robe (worn)
 j - a +0 cloak (worn)
Jewellery
 e - a +3 ring of strength {unknown}
Scrolls
 h - a scroll of teleportation {unknown}
 i - a scroll of identify {unknown}
Potions
 d - a potion of curing {unknown}
 f - a potion of flight {unknown}
 g - a potion of haste {unknown}
Books
 b - a book of Flames

   Spells                             Type                      Level
   a - Flame Tongue                   Conjuration/Fire             1
   b - Throw Flame                    Conjuration/Fire             2
   c - Conjure Flame                  Conjuration/Fire             3
   d - Inner Flame                    Hexes/Fire                   3
   e - Sticky Flame                   Conjuration/Fire             4
   f - Fireball                       Conjuration/Fire             5
Comestibles
 c - a bread ration


   Skills:
 + Level 0.1 Fighting
 + Level 2.5 Dodging
 + Level 2.6 Stealth
 + Level 3.7 Spellcasting
 + Level 1.2 Conjurations
 + Level 3.7 Fire Magic


You had 7 spell levels left.
You knew the following spells:

 Your Spells              Type           Power        Failure   Level  Hunger
a - Flame Tongue          Conj/Fire      ##...        8%          1    None


Dungeon Overview and Level Annotations

Branches:
Dungeon (2/15)

Altars:

Annotations:
D:2 Robin


Message History

You can't see any susceptible monsters within range! (Use Z to cast anyway.)
Casting: Flame Tongue
Confirm with . or Enter, or press ? or * to list all spells.
Aiming: Flame Tongue
Press: ? - help, Shift-Dir - straight line, f - Robin
Aim: Robin, wielding a dagger of draining, wearing an animal skin, wearing a helmet and carrying a wand of flame {zapped: 3} (unusually agile)
The flame tongue hits Robin.
Robin is heavily wounded.
Robin roars a battlecry!
Robin zaps a wand.
The puff of flame hits you!
* * * LOW HITPOINT WARNING * * *
You hear a shout! x3
Casting: Flame Tongue
Confirm with . or Enter, or press ? or * to list all spells.
Aiming: Flame Tongue
Press: ? - help, Shift-Dir - straight line, f/p - Robin
Aim: Robin, wielding a dagger of draining, wearing an animal skin, wearing a helmet and carrying a wand of flame {zapped: 4} (heavily wounded, unusually agile)
The flame tongue misses Robin.
Robin zaps a wand.
The puff of flame hits you!
Ouch! That really hurt!
You die...

..# #.# #.# #.##.#
#.##.# #.##.#
#.##.#######
#..).g.@).<#
#.##.#...)##
#####.##.#.#'##
#..........)..#
#....g#♣♣♣♣.......
######..†..♣
♣♣......
.gg.g...g†♣.♣
♣♣...$.
....##....♣♣♣
##... ..g '.....♣
.>.


You could see Robin.

Vanquished Creatures
  8 hobgoblins
  4 bats
  3 giant cockroaches (D:1)
  3 goblins (D:1)
  A kobold (D:1)
  2 rats (D:1)
21 creatures vanquished.

Notes
Turn   | Place    | Note
--------------------------------------------------------------
     0 | D:1      | graki42 the Deep Elf Fire Elementalist began the quest for the Orb.
     0 | D:1      | Reached XP level 1. HP: 10/10 MP: 6/6
   210 | D:1      | Reached XP level 2. HP: 15/15 MP: 1/8
   810 | D:2      | Noticed Robin
  1077 | D:2      | Killed from afar by Robin

Vault maps used:
D:1:      sevenhm_arrival_forest_fort_large_3
D:2:      serial_forest, infiniplex_forest_lined_corner,
          infiniplex_forest_lined_2, infiniplex_forest_end_2,
          infiniplex_forest_clump_cross, infiniplex_forest_lined_room_3,
          infiniplex_forest_fountain, uniq_robin

Action                   || total
-------------------------++-------
Melee: Unarmed           ||     2
 Cast: Flame Tongue      ||    42
 Stab: Sleeping          ||     2
